Map: Ever Dream LE

Players

Noumena

  • Race: Terran Terran
  • League: Master
  • Spawn Location: 1:00

Livibee - Winner!

  • Race: Terran Terran
  • League: Grandmaster
  • Spawn Location: 7:00

VOD

Have the link to the VOD?

Description

Time

  • Played on: April 19, 2020, 4:16 a.m.
  • Length: 26:13
Show
View Real Time Build Order
Export as new Build Order

Noumena Terran 

Build Orders: Mech 

Get SALT Encoding   

  12  0:00  SCV  
  13  0:12  SCV  
  14  0:17  Supply Depot  
  14  0:25  SCV  
  15  0:29  Refinery  
  15  0:38  SCV  
  16  0:44  Barracks  
  16  0:50  SCV  
  16  0:54  Refinery  
  17  1:03  SCV  
  18  1:15  SCV  
  19  1:31  Orbital Command  
  19  1:32  Reaper  
  20  1:35  Factory  
  20  1:45  Supply Depot  
  20  1:57  SCV  
  21  2:04  Reaper  
  22  2:11  SCV  
  23  2:20  Hellion  
  25  2:23  SCV  
  26  2:33  Command Center  
  26  2:35  SCV  
  27  2:43  Hellion  
  28  2:49  Barracks Tech Lab  
  28  2:50  Starport  
  28  2:53  SCV  
  28  2:58  Supply Depot  
  28  3:07  SCV  
  29  3:19  SCV  
  26  3:21  Cyclone  
  26  3:23  Mag-Field Accelerator  
  29  3:29  Barracks Tech Lab  
  31  3:43  SCV  
  30  3:52  Marine  
  30  3:53  Cyclone  
  30  3:55  SCV  
  35  3:57  Orbital Command  
  35  4:01  Refinery  
  35  4:07  SCV  
  36  4:10  Marine  
  37  4:19  SCV  
  35  4:25  Cyclone  
  37  4:32  SCV x2  
  35  4:38  Raven  
  35  4:42  Command Center  
  35  4:44  SCV  
  38  4:47  Barracks Reactor  
  38  4:49  SCV  
  39  4:56  SCV  
  40  5:02  SCV  
  40  5:03  Refinery  
  41  5:08  SCV, Siege Tank  
  45  5:14  SCV  
  45  5:19  Supply Depot  
  45  5:20  SCV  
  47  5:24  Marine x2  
  47  5:27  SCV  
  50  5:33  SCV  
  50  5:34  Raven  
  52  5:39  SCV  
  53  5:45  SCV  
  53  5:46  Marine x2  
  53  5:47  Siege Tank  
  59  5:52  SCV  
  59  5:55  Orbital Command  
  60  5:57  SCV  
  61  6:05  Factory  
  61  6:07  SCV  
  62  6:11  Barracks Reactor  
  62  6:12  SCV  
  62  6:15  Supply Depot  
  63  6:22  Siege Tank  
  63  6:24  SCV  
  67  6:31  SCV  
  68  6:38  SCV  
  68  6:39  Supply Depot  
  69  6:41  Orbital Command  
  69  6:50  Hellion x2  
  69  6:51  SCV  
  69  6:52  Factory  
  74  6:54  Viking  
  74  7:00  Viking  
  78  7:05  Siege Tank  
  78  7:06  SCV  
  78  7:08  SCV x2  
  88  7:15  Hellion x2  
  88  7:18  SCV  
  88  7:20  Supply Depot x2  
  88  7:22  SCV  
  90  7:26  Viking  
  93  7:37  SCV  
  93  7:38  Supply Depot  
  93  7:39  Supply Depot  
  93  7:41  Viking, Siege Tank  
  93  7:43  SCV  
  99  7:46  Supply Depot  
  99  7:47  SCV, Armory  
  100  7:52  SCV  
  100  7:55  Infernal Pre-Igniter  
  100  7:56  Hellion x2  
  100  7:57  SCV  
  92  8:10  SCV  
  88  8:18  SCV  
  88  8:19  Viking x2  
  93  8:21  Hellion x2  
  93  8:22  Command Center  
  93  8:23  Orbital Command  
  92  8:27  SCV  
  85  8:36  Siege Tank  
  85  8:37  SCV, Siege Tank  
  85  8:38  Terran Vehicle Weapons Level 1  
  85  8:41  Armory  
  92  8:43  Refinery  
  92  8:47  Hellion x2, Refinery  
  96  8:50  SCV  
  97  8:56  SCV  
  98  9:08  SCV  
  98  9:09  Hellion, Siege Tank x2  
  78  9:10  Viking  
  109  9:19  SCV  
  109  9:23  Hellion  
  95  9:33  SCV  
  95  9:34  Factory  
  95  9:36  Factory  
  95  9:37  Supply Depot  
  96  9:41  Siege Tank x2  
  96  9:42  Terran Vehicle And Ship Armor Level 1  
  96  9:45  SCV  
  103  9:48  SCV, Hellion, Refinery  
  106  9:55  Viking, Hellion  
  110  10:00  SCV  
  110  10:01  SCV  
  110  10:04  Engineering Bay  
  112  10:11  SCV  
  112  10:13  Siege Tank x2  
  115  10:14  SCV  
  115  10:18  Hellion  
  115  10:20  Hellion, Factory Reactor  
  120  10:21  Factory Tech Lab  
  120  10:25  SCV  
  121  10:37  Hellion x2  
  121  10:39  Viking, Hellion  
  121  10:40  Viking, SCV  
  121  10:41  Hellion  
  130  10:44  Planetary Fortress  
  130  10:45  Siege Tank x2  
  136  10:59  SCV  
  139  11:04  Hellion  
  139  11:05  Hellion x3  
  139  11:07  SCV  
  139  11:09  Viking, Refinery  
  139  11:10  Viking  
  150  11:11  Sensor Tower  
  150  11:13  SCV, Missile Turret, Sensor Tower  
  150  11:17  Siege Tank  
  154  11:23  SCV  
  154  11:24  Siege Tank  
  156  11:28  SCV  
  156  11:29  Siege Tank  
  156  11:32  Hellion x6  
  141  11:39  Viking  
  130  11:47  SCV  
  130  11:49  Siege Tank  
  130  11:50  SCV  
  127  11:56  Viking  
  127  11:59  SCV  
  130  12:02  Hellion  
  132  12:09  Viking  
  132  12:12  Starport  
  132  12:13  Hellion, Siege Tank x2  
  132  12:14  Factory x2  
  132  12:15  SCV, Command Center  
  143  12:19  SCV, Missile Turret  
  143  12:20  SCV, Missile Turret  
  145  12:25  SCV  
  145  12:26  Viking  
  145  12:28  Hellion x3  
  148  12:33  Terran Vehicle Weapons Level 2  
  148  12:35  Terran Vehicle And Ship Armor Level 2  
  148  12:39  Viking  
  148  12:47  Missile Turret  
  148  12:48  Cyclone x2  
  154  12:52  Missile Turret  
  154  12:53  Starport Reactor  
  154  12:56  Missile Turret  
  154  12:57  Missile Turret  
  154  13:09  Factory Tech Lab  
  154  13:10  Factory Tech Lab  
  154  13:11  Missile Turret  
  154  13:12  Hi-Sec Auto Tracking  
  154  13:14  Missile Turret  
  154  13:15  Missile Turret  
  154  13:17  Drilling Claws  
  154  13:20  Supply Depot x2, Cyclone, Liberator  
  154  13:21  Liberator  
  154  13:22  Hellion, Siege Tank  
  154  13:25  SCV  
  161  13:30  Liberator x2  
  161  13:34  Fusion Core  
  167  13:43  Widow Mine x3  
  173  13:53  Hellion x2  
  173  13:55  SCV  
  166  14:02  Cyclone x2  
  172  14:04  Starport  
  172  14:07  Starport  
  172  14:09  Missile Turret  
  172  14:11  SCV x2  
  172  14:14  Cyclone  
  177  14:20  Siege Tank  
  177  14:21  Hellion  
  170  14:24  Siege Tank  
  170  14:25  Hellion  
  170  14:28  SCV  
  136  14:31  Hellion  
  136  14:33  Hellion  
  136  14:34  Siege Tank x2  
  136  14:35  Viking  
  136  14:36  Medivac  
  136  14:37  SCV  
  145  14:47  SCV  
  141  15:02  SCV, Planetary Fortress  
  141  15:03  SCV  
  143  15:10  Starport Tech Lab  
  143  15:14  Starport Tech Lab  
  143  15:15  Command Center  
  143  15:32  SCV  
  144  15:40  SCV  
  145  15:55  SCV  
  143  16:00  SCV  
  108  16:12  SCV  
  108  16:14  Hellion, Siege Tank  
  108  16:16  Battlecruiser x2  
  94  16:19  SCV  
  94  16:24  Unknown  
  92  16:26  Missile Turret  
  91  16:33  SCV  
  85  16:44  Hellion x2  
  85  16:45  SCV x2, Hellion x2  
  95  16:57  SCV  
  95  16:58  Siege Tank  
  95  17:01  Command Center  
  99  17:03  Planetary Fortress  
  99  17:04  SCV  
  100  17:09  SCV  
  101  17:20  SCV  
  101  17:21  Refinery  
  102  17:28  SCV  
  103  17:32  SCV  
  103  17:33  Refinery  
  103  17:35  Refinery  
  104  17:42  SCV  
  97  17:44  SCV  
  97  17:45  Battlecruiser  
  97  17:46  Hellion x2  
  97  17:47  Hellion  
  95  17:57  Viking  
  97  18:06  Weapon Refit  
  97  18:21  SCV  
  97  18:25  SCV  
  99  18:33  SCV  
  100  18:37  SCV  
  100  18:38  Battlecruiser  
  107  18:45  SCV  
  108  18:49  SCV  
  109  18:57  SCV  
  109  19:01  SCV  
  111  19:09  Orbital Command  
  111  19:10  SCV  
  111  19:13  SCV  
  111  19:21  Hellion x3, Siege Tank x2  
  111  19:22  SCV  
  122  19:27  SCV  
  123  19:41  Hellion, Siege Tank  
  123  19:42  SCV  
  129  19:46  SCV x2  
  129  19:49  Command Center  
  131  19:54  SCV  
  131  19:58  Siege Tank  
  135  20:02  SCV  
  130  20:14  SCV  
  130  20:16  Battlecruiser  
  130  20:17  SCV  
  137  20:31  Viking x2  
  137  20:32  SCV x2  
  137  20:33  Refinery  
  137  20:50  SCV  
  137  20:52  SCV, Refinery  
  137  21:01  SCV  
  138  21:14  SCV  
  138  21:15  SCV  
  138  21:16  SCV, Command Center, Sensor Tower, Siege Tank  
  138  21:17  Hellion x3  
  133  21:27  SCV  
  133  21:28  SCV  
  130  21:38  Orbital Command  
  130  21:39  Battlecruiser  
  133  21:40  SCV  
  133  21:46  Hellion  
  124  21:52  SCV  
  113  22:05  SCV x2  
  113  22:07  Battlecruiser  
  121  22:09  Siege Tank x2  
  121  22:12  Siege Tank x2  
  133  22:16  Orbital Command  
  133  22:17  SCV  
  134  22:31  Viking x2, Siege Tank  
  135  22:37  SCV x2  
  135  22:38  Refinery  
  135  22:43  Siege Tank x2  
  143  22:49  SCV  
  143  22:50  SCV  
  139  22:54  Siege Tank  
  130  23:11  Battlecruiser, Hellion x4  
  146  23:15  Siege Tank  
  141  23:23  SCV x2  
  143  23:29  SCV  
  143  23:31  Refinery, Siege Tank x2  
  143  23:32  Refinery  
  150  23:35  SCV  
  152  23:43  Siege Tank  
  149  23:53  SCV  
  149  24:02  SCV  
  142  24:03  Battlecruiser  
  142  24:07  SCV  
  142  24:09  Command Center  
  149  24:10  Hellion x2  
  149  24:11  Hellion  
  149  24:14  SCV  
  156  24:18  Terran Ship Weapons Level 1  
  156  24:20  SCV  
  156  24:22  Command Center  
  157  24:26  SCV, Hellion  
  160  24:32  Refinery x2  
  160  24:37  SCV  
  159  24:49  SCV  
  130  25:01  SCV  
  130  25:04  Battlecruiser  
  116  25:11  Hellion x4  
  116  25:13  SCV  
  115  25:25  SCV, Planetary Fortress  
  116  25:28  Missile Turret  
  116  25:29  Siege Tank  
  116  25:30  Hellion x3  
  123  25:38  SCV  
  112  25:46  Hellion  
  91  25:50  SCV  
Show
View Real Time Build Order
Export as new Build Order

Livibee Terran - Winner!

Build Orders:  

Get SALT Encoding   

  12  0:00  SCV  
  13  0:13  SCV  
  14  0:17  Supply Depot  
  14  0:25  SCV  
  15  0:29  Refinery  
  15  0:38  SCV  
  16  0:44  Barracks  
  16  0:51  SCV  
  17  1:00  Refinery  
  17  1:03  SCV  
  18  1:15  SCV  
  19  1:30  Reaper, Orbital Command  
  20  1:36  Factory  
  20  1:56  Supply Depot  
  20  1:57  SCV  
  21  2:02  Barracks Reactor  
  21  2:09  SCV  
  22  2:21  Hellion  
  24  2:24  SCV  
  25  2:30  Command Center  
  25  2:33  Supply Depot  
  25  2:40  Reaper  
  25  2:41  Reaper  
  25  2:42  Hellion  
  28  2:45  SCV  
  29  2:57  SCV  
  30  3:04  Hellion, Supply Depot  
  32  3:09  SCV  
  32  3:13  Reaper  
  33  3:20  Reaper  
  33  3:21  SCV  
  35  3:33  Starport  
  35  3:38  Factory Tech Lab  
  36  3:51  SCV  
  36  3:54  Command Center  
  38  3:56  Refinery  
  38  4:00  Cyclone  
  39  4:03  Orbital Command  
  39  4:11  Viking  
  39  4:19  Marine x2  
  37  4:36  SCV  
  37  4:37  Marine x2  
  38  4:40  SCV  
  38  4:44  Starport Tech Lab  
  37  4:49  SCV  
  37  4:52  SCV  
  39  5:00  Marine x2  
  39  5:01  SCV  
  39  5:02  Siege Tank  
  39  5:04  SCV, Raven  
  48  5:09  Orbital Command  
  48  5:13  SCV  
  49  5:15  Refinery  
  49  5:18  Marine x2  
  49  5:20  SCV  
  52  5:24  Supply Depot  
  52  5:25  SCV  
  53  5:32  SCV  
  54  5:37  SCV  
  54  5:39  Siege Tank  
  54  5:40  Marine x2  
  54  5:42  SCV  
  58  5:44  SCV  
  58  5:49  Raven  
  60  5:53  SCV  
  60  5:54  SCV  
  60  5:55  Barracks x2  
  60  5:56  SCV  
  63  5:58  Supply Depot  
  63  6:05  SCV, Marine x2  
  63  6:06  SCV  
  63  6:08  SCV  
  68  6:15  Engineering Bay x2  
  68  6:17  SCV  
  69  6:19  Siege Tank  
  69  6:20  SCV  
  69  6:23  SCV  
  74  6:29  SCV  
  74  6:30  Supply Depot  
  74  6:32  SCV  
  78  6:36  SCV  
  77  6:40  Barracks  
  77  6:41  SCV, Terran Infantry Weapons Level 1  
  77  6:42  Barracks  
  77  6:44  Terran Infantry Armor Level 1  
  77  6:45  Stimpack  
  78  6:47  Barracks Reactor  
  78  6:48  Barracks Reactor  
  78  6:54  Siege Tank  
  78  6:55  Marauder  
  78  7:00  Orbital Command  
  83  7:03  SCV  
  83  7:05  SCV  
  85  7:11  Supply Depot  
  85  7:13  Supply Depot  
  85  7:17  Medivac x2, Marauder  
  85  7:18  SCV x2  
  85  7:21  Supply Depot  
  85  7:22  Armory  
  93  7:23  Marine  
  93  7:24  Supply Depot  
  93  7:25  Marine x2  
  93  7:27  SCV  
  97  7:30  Barracks Tech Lab x2  
  97  7:32  SCV x2  
  97  7:33  Marine  
  100  7:39  SCV  
  100  7:40  Siege Tank  
  104  7:44  SCV  
  104  7:45  SCV, Supply Depot  
  104  7:46  Supply Depot, Marine  
  104  7:49  Combat Shield  
  104  7:50  Concussive Shells  
  107  7:52  Marauder  
  102  8:09  Marauder x2, Marine  
  108  8:14  SCV x2  
  110  8:25  Command Center  
  97  8:34  Marauder x3, Marine x4  
  97  8:35  SCV x2  
  97  8:36  Terran Infantry Weapons Level 2  
  97  8:38  Terran Infantry Armor Level 2  
  97  8:52  Marine x2  
  97  8:54  SCV  
  102  8:55  Marauder  
  102  8:56  Marauder x2  
  102  8:57  Marine x2  
  107  9:10  Supply Depot, Marine x2  
  107  9:15  Marine x2  
  113  9:17  Marauder x3  
  113  9:23  Medivac x2  
  107  9:27  Marine  
  107  9:28  Marine  
  105  9:32  Marine  
  105  9:33  SCV x3, Marine  
  105  9:36  Missile Turret, Barracks  
  105  9:37  Barracks  
  105  9:38  Barracks  
  110  9:39  Planetary Fortress  
  110  9:42  Marauder, Marine x2  
  110  9:44  Orbital Command  
  110  9:45  Marine x2  
  114  9:50  Marine x2  
  118  9:53  Medivac x2  
  122  10:00  Marauder x2  
  122  10:03  Marine x2  
  122  10:04  Marauder  
  127  10:08  Marine x2  
  114  10:20  Siege Tank  
  114  10:21  Marine x2  
  109  10:22  Marauder x2  
  109  10:25  Barracks Reactor, Marauder  
  109  10:26  Marine x2, Barracks Tech Lab  
  109  10:27  Barracks Tech Lab  
  119  10:39  Marine x2  
  119  10:40  Medivac  
  123  10:43  Marauder x2  
  123  10:44  Marine x2  
  123  10:46  Command Center  
  123  10:47  Marauder, Marine  
  123  10:49  Orbital Command  
  134  10:57  Marine  
  134  10:59  Marine  
  134  11:02  Marine x3  
  140  11:04  Marauder  
  140  11:05  Marauder x2  
  140  11:08  Marauder  
  146  11:17  Marine  
  145  11:20  Marine  
  141  11:26  Marauder x3  
  141  11:29  Marauder  
  129  11:41  Orbital Command  
  123  11:47  Marauder x2  
  123  11:52  Terran Infantry Weapons Level 3, Terran Infantry Armor Level 3  
  123  11:53  SCV x2  
  117  11:57  SCV  
  118  12:02  Medivac x2, Marauder x2, Marine x2  
  118  12:04  Missile Turret  
  118  12:05  SCV x2  
  118  12:06  Missile Turret  
  130  12:08  SCV, Missile Turret  
  130  12:09  SCV  
  130  12:10  Barracks  
  130  12:13  Refinery, Barracks  
  130  12:14  Refinery x2  
  130  12:15  Planetary Fortress  
  132  12:17  SCV x2  
  132  12:20  SCV  
  132  12:21  SCV  
  136  12:23  Marauder x3  
  136  12:25  Marauder, Marine  
  136  12:29  SCV x2  
  147  12:36  SCV x2  
  148  12:41  SCV  
  148  12:42  SCV  
  149  12:48  SCV  
  149  12:49  Marauder, Siege Tank  
  149  12:50  Medivac, Marauder x3, Marine  
  164  12:55  Supply Depot x2  
  164  12:56  Command Center  
  164  12:58  Medivac, Supply Depot  
  166  13:00  Barracks Reactor  
  166  13:01  Barracks Reactor  
  166  13:02  Barracks Tech Lab  
  166  13:05  Marine  
  166  13:06  SCV  
  166  13:07  SCV  
  166  13:08  Marine  
  166  13:10  Refinery  
  166  13:11  SCV  
  171  13:16  SCV, Marine  
  171  13:17  Marauder x3  
  179  13:33  Medivac x2, Marine x2  
  179  13:34  Marauder  
  187  13:35  Marauder  
  187  13:38  Marauder, Marine x2  
  193  13:42  Barracks  
  193  13:43  Barracks x2  
  193  13:46  Barracks  
  193  13:47  Missile Turret  
  193  13:49  Command Center  
  193  13:53  SCV x3  
  189  14:01  Marauder x3  
  195  14:06  Terran Vehicle And Ship Armor Level 1  
  195  14:07  Supply Depot, Marine  
  195  14:08  Marauder x2  
  195  14:09  Supply Depot  
  200  14:21  Medivac, Marine  
  192  14:29  Marauder x3  
  189  14:32  Marauder x2  
  189  14:33  Marine x3  
  189  14:34  Marine x4  
  189  14:35  Barracks Reactor x2  
  200  14:45  Missile Turret x2  
  200  14:46  Missile Turret  
  200  14:50  Medivac  
  200  14:54  Barracks Tech Lab x2  
  200  14:55  Marauder x2  
  196  15:01  Planetary Fortress  
  196  15:03  Missile Turret  
  196  15:04  Medivac  
  196  15:06  Marauder x2  
  200  15:11  Command Center  
  200  15:16  Missile Turret  
  200  15:18  Missile Turret  
  200  15:20  Command Center  
  200  15:21  Missile Turret  
  200  15:37  Command Center  
  182  16:10  Marauder x2, Marine  
  171  16:17  Marauder x3, Marine x4  
  171  16:18  Medivac x2, Marauder x2, Marine x3  
  143  16:25  Siege Tank  
  144  16:27  Orbital Command  
  144  16:31  Missile Turret  
  143  16:33  Missile Turret, Orbital Command  
  143  16:34  Missile Turret  
  143  16:35  Missile Turret x3  
  134  16:41  Missile Turret  
  134  16:42  Marauder x2, Marine x2  
  134  16:43  Marauder x3, Missile Turret, Marine x6  
  134  16:45  Missile Turret  
  150  16:47  Missile Turret  
  150  16:48  Medivac x2  
  150  16:53  Planetary Fortress  
  154  16:54  SCV  
  154  16:55  SCV x2  
  154  16:58  Orbital Command  
  157  17:02  Missile Turret  
  157  17:05  Missile Turret  
  157  17:08  Marauder x5, Marine x5  
  165  17:09  Missile Turret, Marauder x2, Marine  
  165  17:10  Missile Turret  
  165  17:13  Siege Tank  
  178  17:18  Marine x2  
  178  17:20  Medivac  
  180  17:26  Marine x2  
  180  17:29  Marauder x2  
  192  17:30  Marauder x3  
  192  17:39  Marauder, Marine x5  
  195  17:49  Thor  
  193  17:56  Factory  
  193  17:57  Factory  
  190  18:08  Marine x3  
  190  18:09  Marine  
  190  18:11  Marine x3  
  190  18:12  Marine x3  
  197  18:14  Missile Turret  
  197  18:15  Missile Turret, Hi-Sec Auto Tracking, Neosteel Armor  
  197  18:17  Terran Vehicle Weapons Level 1  
  197  18:19  Armory  
  192  18:24  Marine x7  
  192  18:26  SCV, Missile Turret, Marine x2  
  192  18:27  SCV x4  
  195  18:37  SCV x2  
  195  18:38  Marine x2  
  195  18:39  Marine x4  
  198  18:43  Refinery x2  
  198  18:45  Refinery  
  198  18:46  Refinery  
  198  18:48  Marine x2  
  196  18:51  Medivac  
  185  18:56  Marine x2  
  185  18:57  Thor  
  185  18:59  Factory Tech Lab  
  185  19:00  Factory Tech Lab  
  185  19:02  Marauder, Marine  
  198  19:03  Marauder x2  
  198  19:07  Missile Turret  
  198  19:09  Command Center, Missile Turret x2  
  194  19:17  Marine x3  
  194  19:20  SCV x2  
  197  19:40  Terran Vehicle And Ship Armor Level 2  
  197  19:43  SCV x3  
  200  19:46  Unknown  
  200  19:48  Missile Turret x2  
  200  19:49  Missile Turret  
  200  19:59  Missile Turret x2  
  200  20:02  Missile Turret  
  155  20:20  Missile Turret, Thor x3  
  148  20:22  Marauder x6, Missile Turret x2, Marine x4  
  148  20:23  Barracks Tech Lab  
  148  20:24  Medivac x2, Marine x3  
  148  20:25  Marine  
  172  20:39  Orbital Command  
  172  20:43  Missile Turret  
  172  20:44  Missile Turret  
  172  20:46  Missile Turret  
  172  20:47  Command Center  
  169  20:51  Marauder x3, Marine x3  
  169  20:52  Marine  
  169  20:53  Medivac  
  181  20:59  Marauder, Marine x2  
  181  21:00  Marine, Sensor Tower  
  181  21:03  Siege Tank x3  
  195  21:05  Marine  
  195  21:06  Marauder x2  
  195  21:10  Terran Vehicle Weapons Level 2  
  185  21:35  Siege Tank  
  185  21:38  Thor  
  185  21:39  Thor  
  200  21:40  Marine  
  200  21:41  Marauder x3  
  187  21:49  Marauder, Marine x4  
  187  21:50  Marauder x3, Marine x4  
  187  22:02  Marauder x2  
  187  22:08  Medivac x2, Missile Turret  
  193  22:09  Missile Turret x2  
  193  22:10  Missile Turret  
  193  22:11  Missile Turret  
  193  22:14  Thor  
  188  22:18  Marine x2  
  188  22:21  Thor x2  
  186  22:36  Marine x2  
  185  22:38  Medivac  
  186  22:57  Thor  
  192  23:02  Marauder x4, Marine x2  
  192  23:05  Planetary Fortress  
  200  23:07  Refinery  
  200  23:08  Refinery  
  200  23:22  Command Center  
  193  24:04  Marauder x3, Marine  
  200  24:36  Command Center  
  168  24:56  Factory Tech Lab  
  164  25:01  Marine x2  
  164  25:02  Marauder, Marine x2  
  164  25:03  Marauder x3  
  173  25:10  Liberator x2  
  174  25:17  Siege Tank x3  
  174  25:18  Marine  
  174  25:19  Marauder x3  
  178  25:24  Marauder  
  180  25:35  Missile Turret  
  165  26:08  Missile Turret  
Tags
 
Composition
Mech
Matchup
TvT
Race
Terran
Spawn Locations
Cross Positions
Add a new tag
Caveats
  • Supply blocks, unpowered buildings, or Contaminate may cause inaccurate times.
  • Supply counts are checked every 10 seconds.